 Dungeon Crawl Stone Soup version 0.24.0-1-gfbc8707122 (webtiles) character file.

Game seed: 5752148528441495497, levelgen mode: deterministic

665 theanonym the Cleaver (level 7, -5/58 HPs)
             Began as a Deep Dwarf Gladiator on Oct 27, 2019.
             Slain by Tiareth's ghost (17 damage)
             ... on level 3 of the Dungeon.
             The game lasted 00:04:35 (2647 turns).

theanonym the Cleaver (Deep Dwarf Gladiator)        Turns: 2647, Time: 00:04:35

Health: -5/58      AC:  6    Str: 19    XL:     7   Next: 31%
Magic:  6/6        EV: 12    Int:  9    God:
Gold:   48         SH:  0    Dex: 14    Spells: 6/6 levels left

rFire    . . .     SeeInvis .   a - +0 war axe
rCold    . . .     Gourm    .   (no shield)
rNeg     . . .     Faith    .   i - +0 ring mail
rPois    .         Spirit   .   c - +0 helmet
rElec    .         Reflect  .   (no cloak)
rCorr    .         Harm     .   (no gloves)
MR       +....                  (no boots)
Stlth    +.........             (no amulet)
HPRegen  0.00/turn              A - ring of wizardry (curse)
MPRegen  0.10/turn              (no ring)

@: lethally poisoned (-5 -> -5), berserk cooldown, non-regenerating, slowed,
very slow
A: damage resistance, heal wounds, sense surroundings 1, no regeneration
a: Heal Wounds


Innate Abilities, Weirdness & Mutations

You are resistant to damage.
You can heal yourself by infusing magical energy.
You passively map a small area around you.
You do not regenerate.


   Skills:
 - Level 1.7 Fighting
 + Level 9.4 Axes
 - Level 1.7 Throwing
 - Level 3.2 Dodging


You had 6 spell levels left.
You didn't know any spells.
Your spell library was empty.

Skill      XL: |  1  2  3  4  5  6  7 |
---------------+----------------------+-----
Axes           | 4 5 6 7 8 9 |  9.4
Fighting       | |  1.7
Throwing       | |  1.7
Dodging        | |  3.2

Action                   |  1- 3 |  4- 6 |  7- 9 || total
-------------------------+-------+-------+-------++-------
Melee: War axe           |    47 |    85 |    49 ||   181
       Hand axe          |    80 |    44 |       ||   124
 Abil: Heal Wounds       |       |     6 |     1 ||     7
  Use: Scroll            |       |     3 |       ||     3
       Potion            |       |     1 |     1 ||     2
 Stab: Invisible         |       |     8 |       ||     8
  Eat: Chunk             |       |     3 |     3 ||     6
Armor: Leather armour    |     7 |       |       ||     7
       Ring mail         |    34 |    63 |    14 ||   111
Dodge: Dodged            |    93 |   168 |    32 ||   293

Inventory:

Hand Weapons
 a - a +0 war axe (weapon)
 l - a +1 hand axe of holy wrath
Missiles
 d - 3 throwing nets (quivered)
Armour
 b - a +0 leather armour
 c - a +0 helmet (worn)
 i - a +0 ring mail (worn)
Jewellery
 x - a cursed amulet of inaccuracy {unknown}
 A - a cursed ring of wizardry (left hand)
Wands
 r - a wand of iceblast (5)
 s - a wand of enslavement (5)
 y - a wand of scattershot (2)
Scrolls
 f - a scroll of teleportation {unknown}
 h - a scroll of random uselessness {unknown}
 n - 4 scrolls of remove curse
 p - a scroll of blinking {unknown}
 q - 2 scrolls of fear {unknown}
 v - a scroll of amnesia {unknown}
 z - a scroll of noise {unknown}
Potions
 j - 3 potions of flight
 k - 2 potions of heal wounds
 m - 4 potions of might
 o - a potion of ambrosia {unknown}
 t - a potion of lignification {unknown}
 u - 2 potions of curing
 w - 3 potions of mutation {unknown}
Comestibles
 e - 8 rations
 B - 5 chunks of flesh


You were on level 3 of the Dungeon.
You were not hungry.

You visited 2 branches of the dungeon, and saw 6 of its levels.

You collected 224 gold pieces.
You spent 176 gold pieces at shops.

Dungeon Overview and Level Annotations

Branches:
Dungeon (5/15)             Temple (1/1) D:5

Altars:
Ashenzari
Cheibriados
Dithmenos
Elyvilon
Fedhas
Gozag
Hepliaklqana
Okawaru
Qazlal
Ru
Sif Muna
Trog
Uskayaw
Xom
Zin
The Shining One

Shops:
D:4 !

Annotations:
D:3 Tiareth's ghost, amateur DEWz

#.#.#..#######...................
#.#.#......# #.#(#...#######.....
..#.##'###.###.#.#......# ####..
###.#...##.#...#.##.....# #..
#.#...##.#.#.#.##.....# #..
#.....##.#..<#.##.....# #..
#.....##.###.#'##.....#######..
##.#.###.#..>..................
#.#.# ######.@W#.....#....##..
####.#.# #=.%#...#.....#....##..
.....#†# #$?.'..########....##..
######.####%..#.## #.)..##..
#........####### #....##..
#...........#.# #....##..
#.........###.# #........
#.............# ##### #..(.....
#.........##### #...# #.(......


You could see Tiareth's ghost.

Notes
Turn   | Place    | Note
-------+----------+-------------------------------------------
     0 | D:1      | theanonym the Deep Dwarf Gladiator began the quest for the
                  | Orb.
     0 | D:1      | Reached XP level 1. HP: 19/19 MP: 1/1
   131 | D:1      | Reached XP level 2. HP: 26/26 MP: 2/2
   132 | D:1      | Reached skill level 4 in Axes
   730 | D:2      | Reached XP level 3. HP: 29/32 MP: 3/3
   816 | D:2      | Reached skill level 5 in Axes
   883 | D:2      | HP: 15/32 [gnoll (2)]
   886 | D:2      | Reached XP level 4. HP: 18/39 MP: 4/4
   888 | D:2      | HP: 8/39 [gnoll (6)]
   912 | D:2      | HP: 18/39 [gnoll/+0 spear (2)]
   917 | D:2      | Reached skill level 6 in Axes
   981 | D:2      | HP: 19/39 [worm (6)]
  1304 | D:3      | Found a shadowy altar of Dithmenos.
  1379 | D:3      | Reached XP level 5. HP: 28/45 MP: 5/5
  1406 | D:3      | You fall into a shaft and drop 2 floors!
  1406 | D:5      | Entered Level 5 of the Dungeon
  1406 | D:5      | Noticed Eustachio
  1423 | D:5      | Killed Eustachio
  1423 | D:5      | Reached skill level 7 in Axes
  1423 | D:5      | Reached XP level 6. HP: 28/52 MP: 6/6
  1550 | D:5      | Reached skill level 8 in Axes
  1588 | D:5      | HP: 21/52 [gnoll/+0 flail (9)]
  1647 | D:5      | Found a white marble altar of Elyvilon.
  1720 | D:5      | Found a staircase to the Ecumenical Temple.
  1728 | Temple   | Entered the Ecumenical Temple
  1855 | D:4      | Found Seacewk's Distillery.
  1893 | D:4      | Bought a potion of curing for 33 gold pieces
  1893 | D:4      | Bought a potion of heal wounds for 55 gold pieces
  1893 | D:4      | Bought a potion of berserk rage for 55 gold pieces
  1893 | D:4      | Bought a potion of flight for 33 gold pieces
  1925 | D:4      | Noticed Ijyb
  1939 | D:4      | Killed Ijyb
  1942 | D:4      | Reached XP level 7. HP: 39/58 MP: 6/6
  2119 | D:4      | Reached skill level 9 in Axes
  2444 | D:3      | HP: 29/58 [goblin/stone (3)]
  2474 | D:3      | Found a runed translucent door.
  2475 | D:3      | Noticed Tiareth's ghost (amateur DEWz)
  2646 | D:3      | HP: 28/58 [Tiareth's ghost (2)]
  2646 | D:3      | HP: 13/58 [Tiareth's ghost (15)]
  2647 | D:3      | Slain by Tiareth's ghost

Vanquished Creatures
  Eustachio (D:5)
  A scorpion (D:4)
  A killer bee (D:3)
  A crimson imp (D:5)
  A hound (D:4)
  2 orc priests (D:5)
  An iguana (D:4)
  Ijyb (D:4)
  A worker ant (D:5)
  An orc wizard (D:5)
  7 gnolls
  2 adders
  An ooze (D:3)
  4 worms
  A dart slug (D:3)
  2 leopard geckos (D:2)
  12 orcs
  2 ball pythons
  6 bats
  3 giant cockroaches
  6 goblins
  14 hobgoblins
  4 jackals (D:1)
  10 kobolds
  A quokka (D:2)
  7 frilled lizards
  A quokka skeleton (D:4)
  13 rats
107 creatures vanquished.

Table legend:
 A = Turns spent in this place as a percentage of turns spent in the entire game.
 B = Non-inter-level travel turns spent in this place as a percentage of non-inter-level travel turns spent in the entire game.
 C = Inter-level travel turns spent in this place as a percentage of turns spent in this place.
 D = Turns resting spent in this place as a percentage of non-inter-level travel turns spent in this place.
 E = Turns spent auto-exploring this place as a percentage of non-inter-level travel turns spent in this place.
 F = Non-inter-level travel turns spent in this place divided by the number of levels of this place that you've seen.
                   A       B       C       D       E      F
               +-------+-------+-------+-------+-------+----------------------
         Total | 100.0 | 100.0 |   5.7 |   4.0 |  73.7 | 416.2
       Dungeon |  96.9 |  97.3 |   5.3 |   4.1 |  73.1 | 485.8
        Temple |   3.1 |   2.7 |  17.1 |   0.0 |  97.1 |  68.0
               +-------+-------+-------+-------+-------+----------------------
